 Dungeon Sprint DCSS version 0.31-a0-544-gceb718ecc6 (webtiles) character file.

Game seed: 6482698037701883969

6686 rocky1 the Black Belt (level 11, -5/78 HPs)
             Began as a Djinni Shapeshifter on Aug 16, 2023.
             Was an Initiate of Gozag.
             Slain by a dire elephant (26 damage)
             ... in the Dungeon (Sprint IX: "|||||||||||||||||||||||||||||").
             The game lasted 00:07:23 (2759 turns).

rocky1 the Black Belt (Djinni Shapeshifter)         Turns: 2759, Time: 00:07:24

Health: -5/78      AC: 11    Str: 14    XL:     11   Next: 23%
Gold:   814        EV: 13    Int: 11    God:    Gozag SH:  0 Dex: 20

rFire   + +          +
                       - Unarmed
rCold   . . .        (no shield)
rNeg    . . .        n - +1 chain mail
rPois   ∞            (helmet currently unavailable)
rElec   +            (cloak currently unavailable)
rCorr   +            (gloves currently unavailable)
SInv    .            (boots unavailable)
Will    +....        (no amulet) Stlth
                     m - +2 ring of evasion
HPRegen 0.33/turn    l - +3 ring of dexterity
MPRegen 0.00/turn

%: no teleportation, infuse magic (-6 HP)
@: beast-form, resistant, gold aura, flying, hasted, invisible, very quick
A: beast (slay +4), flying, sickness immunity, fire resistance 2, cold
vulnerability 1, float, innate caster, HP casting, extra vitality 1
a: Begin Untransformation, Renounce Religion, Potion Petition, Call Merchant,
Bribe Branch


You were in the Dungeon.
You worshipped Gozag.
Gozag was pleased with you.
You were a hulking beast.
You visited 1 branch You collected 3179 gold pieces.
You spent 833 gold pieces at shops.
You paid 1532 gold pieces to Gozag.

Inventory:

Hand Weapons
 a - a +1 scimitar of flaming
Armour
 n - a +1 chain mail (worn)
Jewellery
 l - a +3 ring of dexterity (right hand)
 m - a +2 ring of evasion (left hand)
Talismans
 c - a beast talisman (active)
 d - a flux talisman
Scrolls
 i - a scroll of blinking
 r - 2 scrolls of enchant armour
 t - a scroll of fog
Potions
 b - 2 potions of lignification
 e - 8 potions of curing
 f - a potion of invisibility
 g - a potion of haste
 h - 3 potions of berserk rage
 o - 2 potions of brilliance
 p - 3 potions of might
 u - a potion of resistance
 w - 2 potions of attraction
 x - a potion of cancellation
 z - a potion of enlightenment


   Skills:
 * Level 6.7 Fighting
 - Level 3.0 Long Blades
 + Level 6.2 Armour
 + Level 8.8 Dodging
 + Level 0.2 Stealth
 + Level 15.8 Unarmed Combat
 * Level 3.9 Spellcasting
 * Level 3.9 Conjurations
 * Level 3.9 Hexes
 * Level 3.9 Summonings
 * Level 3.9 Necromancy
 * Level 3.9 Translocations
 * Level 3.9 Transmutations
 * Level 3.9 Fire Magic
 * Level 3.9 Ice Magic
 * Level 3.9 Air Magic
 * Level 3.9 Earth Magic
 * Level 3.9 Poison Magic
 + Level 4.5 Evocations
 * Level 12.2 Shapeshifting


You knew the following spells:

 Your Spells              Type           Power      Damage    Failure   Level
a - Kiss of Death         Conj/Necr      40%        2d8       52%         1
b - Scorch                Fire           20%        2d5       67%         2
c - Blink                 Tloc           20%        N/A       67%         2
d - Gell's Gravitas       Tloc           10%        N/A       88%         3
e - Anguish               Hex/Necr       5%         N/A       99%         4
Your spell library was empty.

Dungeon Overview and Level Annotations

Branches:
Dungeon (1/1)

Altars:
Cheibriados
Dithmenos
Elyvilon
Fedhas
Gozag
Hepliaklqana
Makhleb
Nemelex Xobeh
Okawaru
Qazlal
Ru
Trog
Uskayaw
Wu Jian
Xom
Yredelemnul
Zin
The Shining One
Jiyva
Lugonu

Shops:
D !


Innate Abilities, Weirdness & Mutations

You are a hulking beast.
Your limbs bulge with bestial killing power. (Slay +4)
You are flying.
You are immune to sickness and miasma.
You are immune to poison.
Your flesh is very heat resistant. (rF++)
You are vulnerable to cold. (rC-)
You float through the air rather than walking.
You learn spells naturally, not from books.
Your magical power is your life essence.
You have superior vitality. (+4 MHP)


Message History

The elephant is heavily wounded. [a] - 580 gold - resistance, enlightenment, haste and brilliance [b] - 220 gold - haste [c] - 784 gold - haste, resistance and invisibility Purchase which effect?
You no longer have enough gold to fund merchants seeking to open stores in the dungeon.
You feel yourself speed up.
You feel protected.
You fade into invisibility!
You catch the helpless dire elephant completely off-guard!
You hit the dire elephant but do no damage.
The dire elephant closely misses you. The dire elephant trunk-slaps you.
You hit the dire elephant.
The dire elephant is lightly wounded.
You punch the dire elephant!
The dire elephant is lightly wounded.
The dire elephant misses you. x2
You catch the helpless dire elephant completely off-guard!
You punch the dire elephant!
The dire elephant is lightly wounded.
You punch the dire elephant!
You punch the dire elephant, but do no damage.
The dire elephant is moderately wounded.
The dire elephant tramples you!!
* * * LOW HITPOINT WARNING * * *
You are shoved backwards!
You hit the dire elephant but do no damage.
You punch the dire elephant!
The dire elephant is moderately wounded.
You punch the dire elephant!
You punch the dire elephant, but do no damage.
The dire elephant is heavily wounded.
The dire elephant is distracted by your dazzling golden aura.
You feel better.
The dire elephant is no longer distracted by gold.
You catch the helpless dire elephant completely off-guard!
You punch the dire elephant!
The dire elephant is heavily wounded.
The dire elephant tramples you!!
You die...
Your body crumbles into a pile of gold.

▓_▓.▓.▓
▓_▓.▓.▓
▓_▓.▓.▓
▓_▓.▓.▓
▓_▓.▓'▓
▓_▓.▓$▓
▓_▓.▓Y▓
▓_▓.▓Y▓
▓_▓.▓h▓
▓_▓.▓.▓
▓_▓.▓.▓
▓_▓.▓.▓
▓_▓.▓∩▓
▓_▓.▓.▓
▓_▓.▓'▓
▓_▓.▓.▓
▓_▓.▓.▓


You could see a dire elephant (unable to see you) and an elephant (unable to see
you).

Vanquished Creatures
  A hydra (D)
  A two-headed ogre (D)
  A cyclops (D)
  3 elephants (D)
  2 cane toads (D)
  3 komodo dragons (D)
  2 efreet (D)
  2 trolls (D)
  A blink frog (D)
  2 wyverns (D)
  A basilisk (D)
  A wraith (D)
  2 yaks (D)
  An acid dragon (D)
  3 water moccasins (D)
  A black bear (D)
  A centaur (D)
  A bullfrog (D)
  A scorpion (D)
  A killer bee (D)
  2 orc wizards (D)
  A gnoll (D)
  2 adders (D)
  An orc (D)
  An endoplasm (D)
  A hobgoblin (D)
  A quokka (D)
  A frilled lizard (D)
  A kobold (D)
42 creatures vanquished.

Notes
Turn   | Place    | Note
-------+----------+-------------------------------------------
     0 | D        | rocky1 the Djinni Shapeshifter began the quest for the Orb.
     0 | D        | Reached XP level 1. HP: 17/17 MP: 0/0
    51 | D        | Noticed a scorpion
    58 | D        | Reached XP level 2. HP: 18/22 MP: 0/0
    66 | D        | Killed a scorpion
    67 | D        | Reached skill level 5 in Unarmed Combat
    67 | D        | Reached skill level 5 in Shapeshifting
    67 | D        | Reached XP level 3. HP: 12/27 MP: 0/0
    67 | D        | Learned a level 1 spell: Kiss of Death
    67 | D        | Reached XP level 4. HP: 15/32 MP: 0/0
    76 | D        | Reached skill level 6 in Unarmed Combat
   218 | D        | Found a snail-covered altar of Cheibriados.
   218 | D        | Found a shadowy altar of Dithmenos.
   218 | D        | Found a white marble altar of Elyvilon.
   218 | D        | Found a blossoming altar of Fedhas.
   218 | D        | Found an opulent altar of Gozag.
   219 | D        | Found a hazy altar of Hepliaklqana.
   220 | D        | Found a viscous altar of Jiyva.
   222 | D        | Found a corrupted altar of Lugonu.
   223 | D        | Found a burning altar of Makhleb.
   224 | D        | Found a sparkling altar of Nemelex Xobeh.
   225 | D        | Found an iron altar of Okawaru.
   226 | D        | Became a worshipper of Gozag Ym Sagoz the Greedy
   227 | D        | Found a stormy altar of Qazlal.
   228 | D        | Found a sacrificial altar of Ru.
   230 | D        | Found a bloodstained altar of Trog.
   231 | D        | Found a hide-covered altar of Uskayaw.
   233 | D        | Found an ornate altar of the Wu Jian Council.
   234 | D        | Found a shimmering altar of Xom.
   235 | D        | Found a basalt altar of Yredelemnul.
   236 | D        | Found a glowing silver altar of Zin.
   237 | D        | Found a glowing golden altar of the Shining One.
   388 | D        | Noticed an acid dragon
   388 | D        | Noticed a centaur
   388 | D        | Noticed a troll
   389 | D        | Killed a centaur
   390 | D        | Reached skill level 8 in Unarmed Combat
   390 | D        | Reached XP level 5. HP: 38/38 MP: 0/0
   390 | D        | Learned a level 2 spell: Scorch
   390 | D        | Reached XP level 6. HP: 43/43 MP: 0/0
   390 | D        | Killed an acid dragon
   391 | D        | Reached skill level 5 in Dodging
   391 | D        | Reached skill level 9 in Unarmed Combat
   391 | D        | Reached XP level 7. HP: 43/48 MP: 0/0
   391 | D        | Learned a level 2 spell: Blink
   399 | D        | Killed a troll
   400 | D        | Reached skill level 10 in Unarmed Combat
   828 | D        | Noticed a cyclops
   828 | D        | Noticed an efreet
   828 | D        | Noticed a wraith
   828 | D        | Noticed a two-headed ogre
   828 | D        | Noticed a troll
   828 | D        | Noticed an efreet
   831 | D        | Killed an efreet
   831 | D        | Killed a wraith
   832 | D        | Reached skill level 1 in Armour
   832 | D        | Reached skill level 11 in Unarmed Combat
   832 | D        | Reached skill level 1 in Evocations
   832 | D        | Reached XP level 8. HP: 19/55 MP: 0/0
   832 | D        | Killed a troll
   832 | D        | Killed a two-headed ogre
   832 | D        | Killed an efreet
   833 | D        | Reached skill level 13 in Unarmed Combat
   833 | D        | Reached skill level 10 in Shapeshifting
   833 | D        | Reached XP level 9. HP: 22/61 MP: 0/0
   833 | D        | Learned a level 3 spell: Gell's Gravitas
   833 | D        | Killed a cyclops
  1370 | D        | Noticed a blink frog
  1370 | D        | Noticed a cane toad
  1370 | D        | Noticed a komodo dragon
  1377 | D        | Killed a blink frog
  1379 | D        | Reached skill level 14 in Unarmed Combat
  1379 | D        | Reached skill level 1 in Spellcasting
  1379 | D        | Reached skill level 1 in Conjurations
  1379 | D        | Reached skill level 1 in Hexes
  1379 | D        | Reached skill level 1 in Summonings
  1379 | D        | Reached skill level 1 in Necromancy
  1379 | D        | Reached skill level 1 in Translocations
  1379 | D        | Reached skill level 1 in Transmutations
  1379 | D        | Reached skill level 1 in Fire Magic
  1379 | D        | Reached skill level 1 in Ice Magic
  1379 | D        | Reached skill level 1 in Air Magic
  1379 | D        | Reached skill level 1 in Earth Magic
  1379 | D        | Reached skill level 1 in Poison Magic
  1379 | D        | Reached XP level 10. HP: 49/67 MP: 0/0
  1381 | D        | Killed a komodo dragon
  1382 | D        | Killed a cane toad
  1386 | D        | Noticed a cane toad
  1396 | D        | Reached skill level 5 in Fighting
  1400 | D        | Killed a cane toad
  1689 | D        | Bought a potion of resistance for 170 gold pieces
  1689 | D        | Bought a potion of degeneration for 17 gold pieces
  1689 | D        | Bought a potion of lignification for 51 gold pieces
  1689 | D        | Bought a potion of curing for 51 gold pieces
  1689 | D        | Bought 2 potions of attraction for 102 gold pieces
  1689 | D        | Bought 2 potions of might for 136 gold pieces
  1689 | D        | Bought a potion of cancellation for 136 gold pieces
  1689 | D        | Bought a potion of berserk rage for 85 gold pieces
  1689 | D        | Bought a potion of enlightenment for 85 gold pieces
  1801 | D        | Noticed a four-headed hydra
  1801 | D        | Noticed an elephant
  1806 | D        | Noticed a komodo dragon
  2021 | D        | Noticed a komodo dragon
  2032 | D        | Killed an elephant
  2033 | D        | Reached skill level 1 in Long Blades
  2033 | D        | Reached skill level 15 in Unarmed Combat
  2036 | D        | Killed a komodo dragon
  2264 | D        | Killed a komodo dragon
  2270 | D        | Reached skill level 5 in Armour
  2274 | D        | Killed a one-headed hydra
  2275 | D        | Reached XP level 11. HP: 46/76 MP: 0/0
  2275 | D        | Learned a level 4 spell: Anguish
  2520 | D        | Noticed an elephant
  2520 | D        | Noticed an elephant
  2520 | D        | Noticed a dire elephant
  2520 | D        | Noticed an elephant
  2520 | D        | Noticed an elephant
  2520 | D        | Noticed an elephant
  2520 | D        | Noticed a dire elephant
  2525 | D        | Killed an elephant
  2744 | D        | Killed an elephant
  2759 | D        | Slain by a dire elephant

Illustrated notes

Levels and vault maps discovered:
D:        linesprint [early_d, line_temple, items_1, d_10, items_2, lair_1,
          lair_end, items_3, orc_1, orc_end, items_4, d_15, swamp_1, shoals_1,
          snake_1, spider_1, d_20, vaults_1, items_5, swamp_end, shoals_end,
          snake_end, spider_end, vaults_end, d_27, items_6, zot_1, zot_end,
          crypt_end, forest_end, elf_end, slime_end, tomb_end, abyss_end,
          pan_hell_end]

Skill      XL: |  1  2  3  4  5  6  7  8  9 10 11 |
---------------+----------------------------------+-----
Shapeshifting  | 3 5 7 9 10 11 12 | 12.2
Dodging        | 3 4 5 6 7 8 |  8.8
Unarmed Combat | 5 8 9 11 13 14 15 | 15.8
Fighting       | 2 3 4 6 |  6.7
Armour         | 1 2 5 6 |  6.2
Evocations     | 1 3 4 |  4.5
Spellcasting   | 1 3 |  3.9
Conjurations   | 1 3 |  3.9
Hexes          | 1 3 |  3.9
Summonings     | 1 3 |  3.9
Necromancy     | 1 3 |  3.9
Translocations | 1 3 |  3.9
Transmutations | 1 3 |  3.9
Fire Magic     | 1 3 |  3.9
Ice Magic      | 1 3 |  3.9
Air Magic      | 1 3 |  3.9
Earth Magic    | 1 3 |  3.9
Poison Magic   | 1 3 |  3.9
Long Blades    | 2 3 |  3.0
Stealth        | |  0.2

Action                     |  1- 3 |  4- 6 |  7- 9 | 10-12 || total
---------------------------+-------+-------+-------+-------++-------
  Melee: Unarmed           |    31 |     8 |    13 |   103 ||   155
         Punch             |     2 |       |     1 |    15 ||    18
         Scimitar          |       |       |       |     8 ||     8
 Invoke: Call Merchant     |       |       |       |     1 ||     1
         Potion Petition   |       |       |       |     1 ||     1
  Evoke: Wand              |       |     2 |     7 |     1 ||    10
    Use: Potion            |       |     1 |     1 |     2 ||     4
         Scroll            |       |       |     1 |     3 ||     4
   Stab: Invisible         |       |       |       |     3 ||     3
 Armour: Animal skin       |     2 |       |       |       ||     2
         Chain mail        |       |     2 |     6 |    27 ||    35
  Dodge: Dodged            |    17 |     7 |     8 |    34 ||    66

Table legend: (Time is in decaauts)
 A = Elapsed time spent in this place.
 B = Non-inter-level travel time spent in this place.
 C = Inter-level travel time spent in this place.
 D = Time resting spent in this place.
 E = Time spent auto-exploring this place.
 F = Levels seen in this place.
 G = Mean time per level.
                   A        B        C        D        E       F      G
               +--------+--------+--------+--------+--------+-----+--------+
         Total |   2721 |   2668 |     53 |   1997 |      0 |   1 | 2721.0 |
       Dungeon |   2721 |   2668 |     53 |   1997 |      0 |   1 | 2721.0 |
               +--------+--------+--------+--------+--------+-----+--------+

Top non-repeatable levels by time:
       D: 2721 daAuts
